 Dungeon Crawl Stone Soup version 0.29.1-12-g30fa7ad0bf (webtiles) character file.

Game seed: 5711581898671050626

25 FexLirch the Ruffian (level 2, -5/24 HPs)
             Began as a Troll Hedge Wizard on Jan 3, 2023.
             Killed from afar by Natasha (8 damage)
             ... with a magic dart
             ... on level 2 of the Dungeon.
             The game lasted 00:01:35 (691 turns).

FexLirch the Ruffian (Troll Hedge Wizard)            Turns: 691, Time: 00:01:35

Health: -5/24      AC:  4    Str: 17    XL:     2   Next: 86%
Magic:  1/4        EV:  9    Int: 10    God:
Gold:   53         SH:  0    Dex:  9    Spells: 4/5 levels left

rFire   . . .      SeeInvis .     - Unarmed
rCold   . . .      Faith    .   (no shield)
rNeg    . . .      Spirit   .   b - +0 robe
rPois   .          Reflect  .   c - +0 hat
rElec   .          Harm     .   (no cloak)
rCorr   .          Rampage  .   (gloves unavailable)
Will    .....                   (boots unavailable)
Stlth   +.........              (no amulet)
HPRegen 0.88/turn               (no ring)
MPRegen 0.09/turn               (no ring)

@: slowed, very slow
A: large, unfitting armour, claws 3, regeneration 1, shaggy fur 1, tough skin 1
a: no special abilities


You were on level 2 of the Dungeon.
You visited 1 branch of the dungeon, and saw 2 of its levels.

You collected 53 gold pieces.

Inventory:

Hand Weapons
 a - a +0 dagger
Armour
 b - a +0 robe (worn)
 c - a +0 hat (worn)
Jewellery
 k - an amulet of regeneration
Scrolls
 g - a scroll of identify {unknown}
 h - a scroll of fear {unknown}
 i - a scroll of acquirement {unknown}
 m - 2 scrolls of magic mapping {unknown}
Potions
 d - 3 potions of magic
 e - a potion of resistance {unknown}
 f - a potion of might {unknown}
 j - a potion of attraction {unknown}
 l - a potion of heal wounds {unknown}


   Skills:
 - Level 1.5 Dodging
 - Level 1.0 Stealth
 + Level 2.6 Unarmed Combat
 - Level 2.0 Spellcasting
 - Level 0.6 Conjurations
 - Level 0.6 Summonings
 - Level 0.6 Translocations


You had 4 spell levels left.
You knew the following spells:

 Your Spells              Type           Power      Damage    Failure   Level
a - Magic Dart            Conj           8%         1d3       24%         1

Your spell library contained the following spells:

 Spells                   Type           Power      Damage    Failure   Level
 Slow                     Hex            4%         N/A       30%         1
 Blink                    Tloc           4%         N/A       36%         2
 Call Imp                 Summ           2%         N/A       36%         2
 Conjure Flame            Conj/Fire      1%         6-21      63%         3
 Mephitic Cloud           Conj/Pois/Air  1%         N/A       65%         3


Dungeon Overview and Level Annotations

Branches:
Dungeon (2/15)

Altars:

Annotations:
D:2 Natasha


Innate Abilities, Weirdness & Mutations

You are too large for most types of armour.
You have claws for hands.
Your natural rate of healing is unusually fast.
You are covered in fur. (AC +1)
You have tough skin. (AC +1)


Message History

Your magical contamination has completely faded away.
HP restored.
You see here a worm corpse.
Found a ring mail.
You now have 53 gold pieces (gained 1).
l - a fuming blue potion
m - 2 scrolls labelled XUAGET TEPTEHUSM Natasha, Servant of Life and Death comes into view.
Natasha is nearby!
The magic dart hits Natasha but does no damage.
Natasha hisses angrily.
Natasha mumbles some strange words.
You feel disoriented.
The magic dart hits Natasha but does no damage.
The magic dart hits Natasha but does no damage.
Natasha casts a spell at you. The magic dart hits you!
You are too injured to fight recklessly!
You are too injured to fight recklessly!
A hobgoblin comes into view.
Found 2 fizzy ruby potions and 4 gold pieces.
The hobgoblin shouts!
Natasha casts a spell at you.
You feel yourself slow down. Natasha claws you but does no damage.
You scratch Natasha.
Natasha is lightly wounded.
Natasha claws you! Natasha claws you.
* * * LOW HITPOINT WARNING * * *
You closely miss Natasha.
Natasha is lightly wounded.
Natasha claws you!
* * * LOW HITPOINT WARNING * * *
You completely miss Natasha.
Natasha is lightly wounded.
A quokka comes into view.
The hobgoblin barely misses you. Natasha casts a spell at you.
The magic dart hits you!
You die...

##. .. #. $# #.#
########. .# #.#
#........ ##.#
#.###.######.
...###..#..#### #. ..
#.............####
r...###h####......#.....
.!....g@..........######
...####.##[.......# #
#.#..#......# #
#...##......# #
######......# # #......#
# ######## #


You could see Natasha, a quokka (wandering) and a hobgoblin.

Vanquished Creatures
  A worm (D:2)
  A dart slug (D:1)
  A ball python (D:2)
  A bat (D:1)
  2 endoplasms
  A giant cockroach (D:1)
  3 hobgoblins
  3 jackals (D:1)
  A frilled lizard (D:1)
  3 kobolds (D:1)
  A rat (D:1)
18 creatures vanquished.

Notes
Turn   | Place    | Note
-------+----------+-------------------------------------------
     0 | D:1      | FexLirch the Troll Hedge Wizard began the quest for the
                  | Orb.
     0 | D:1      | Reached XP level 1. HP: 16/16 MP: 2/2
   121 | D:1      | Reached skill level 1 in Unarmed Combat
   166 | D:1      | Reached XP level 2. HP: 24/24 MP: 4/4
   683 | D:2      | Noticed Natasha
   691 | D:2      | Killed from afar by Natasha

Illustrated notes

Levels and vault maps discovered:
D:1:      sevenhm_arrival_forest_fort_small_3, layout_rooms
D:2:      layout_rooms, minmay_strange_pillars, uniq_natasha

Skill      XL: |  1  2 |
---------------+-------+-----
Unarmed Combat | 1 2 |  2.6
Dodging        | |  1.5
Stealth        | |  1.0
Spellcasting   | |  2.0
Conjurations   | |  0.6
Summonings     | |  0.6
Translocations | |  0.6

Action                   || total
-------------------------++-------
Melee: Unarmed           ||    56
       Dagger            ||    21
       Punch             ||     4
 Cast: Magic Dart        ||    12
Armor: Robe              ||    33
Dodge: Dodged            ||    60
